 Dungeon Crawl Stone Soup version 0.26.0-10-g1f06aea511 (webtiles) character file.

Game seed: 4702762570616827771

5 CurlyBrace the Grasshopper (level 1, 0/9 HPs)
             Began as a Felid Warper on Jan 14, 2021.
             Slain by a ball python (1 damage)
             ... on level 2 of the Dungeon.
             The game lasted 00:04:23 (342 turns).

CurlyBrace the Grasshopper (Felid Warper)            Turns: 342, Time: 00:04:24

Health: 0/9        AC:  1    Str:  7    XL:     1   Next: 66%
Magic:  4/4        EV: 17    Int: 14    God:
Gold:   77         SH:  0    Dex: 15    Spells: 4/4 levels left
                                        Lives:  0   Deaths: 0

rFire    . . .     SeeInvis +     - Unarmed
rCold    . . .     Faith    .   (shield unavailable)
rNeg     . . .     Spirit   .   (armour unavailable)
rPois    .         Reflect  .   (helmet unavailable)
rElec    .         Harm     .   (cloak unavailable)
rCorr    .         Rampage  .   (gloves unavailable)
Will     .....                  (boots unavailable)
Stlth    ++........             b - amulet of magic regeneration
HPRegen  0.03/turn              (no ring)
MPRegen  0.34/turn              (no ring)

@: brilliant, constricted, quick
A: very small, no armour, no weapons or thrown items, stealth, claws 1, fangs 3,
repulsion field 1, see invisible, speed 1, shaggy fur 1, evolution 1, sharp paws
a: no special abilities


You were on level 2 of the Dungeon.
You visited 1 branch of the dungeon, and saw 5 of its levels.

You collected 77 gold pieces.

Inventory:

Jewellery
 b - an amulet of magic regeneration (around neck)
   (You found it on level 3 of the Dungeon)


   Skills:
 - Level 2.0 Fighting
 - Level 3.2 Dodging
 + Level 1.3 Stealth
 + Level 2.2 Unarmed Combat
 - Level 2.0 Spellcasting
 - Level 4.4 Translocations


You had 4 spell levels left.
You didn't know any spells.
Your spell library contained the following spells:

 Spells                   Type           Power        Failure   Level
 Blink                    Tloc           N/A          6%          2
 Gell's Gravitas          Tloc           10%          12%         3
 Lesser Beckoning         Tloc           10%          12%         3
 Teleport Other           Tloc           20%          12%         3
 Passage of Golubria      Tloc           N/A          36%         4


Dungeon Overview and Level Annotations

Branches:
Dungeon (5/15)
 Temple: D:4-7

Altars:

Annotations:
D:2 Sigmund


Innate Abilities, Weirdness & Mutations

You cannot wear armour.
You are incapable of wielding weapons or throwing items.
Your paws allow you to move quietly. (Stealth)
You have sharp claws.
You have razor-sharp teeth.
You have supernaturally acute eyesight. (SInv)
You cover ground quickly.
You are covered in fur. (AC +1)
Your sharp claws are effective at attacking unaware monsters.
You are surrounded by a mild repulsion field. (EV +2)
You evolve.


Message History

There is a stone staircase leading down here.
Okay, then.
You start putting on your amulet.
You continue putting on your dented beryl amulet. x5
You finish putting on your uncursed amulet of magic regeneration.
b - an amulet of magic regeneration (around neck)
Found 16 gold pieces.
You now have 77 gold pieces (gained 16).
You open the door.
A ball python and a worm come into view.
Found a stone staircase leading down.
Found 24 bolts.
There is an open door here.
You closely miss the ball python. Your bite misses the ball python.
The ball python completely misses you. The ball python closely misses you.
You closely miss the ball python. The ball python bites you.
The ball python grabs you. The ball python constricts you.
You completely miss the ball python. The ball python bites you.
* * * LOW HITPOINT WARNING * * *
You die...

.....###......... #.... .
.....# #.....##. (... ..
.....# ##....# ... ...
.....# #....# ..#..w.
.....# ##.### .......
.....#####..######...#...
.................'....>..
#.#..#.####..##.S#...##..
#.#....# ##.##.@#...#
#.#..#######.##......#
....<.....##..##.#.###
#......)..###.##.#.#
#.........# #.#....#
#.........# #(...#..
######.#### #...#.# #.#
#...#.# #.# #...#.#


You could see a ball python.

Vanquished Creatures
  An orc (D:3)
  A giant cockroach (D:3)
  A hobgoblin (D:2)
  A rat (D:2)
4 creatures vanquished.

Notes
Turn   | Place    | Note
-------+----------+-------------------------------------------
     0 | D:1      | CurlyBrace the Felid Warper began the quest for the Orb.
     0 | D:1      | Reached XP level 1. HP: 9/9 MP: 4/4
    75 | D:2      | Noticed Sigmund
    79 | D:2      | Gained mutation: You are surrounded by a mild repulsion
                  | field. (EV +2) [potion of mutation]
    79 | D:2      | Gained mutation: You evolve. [potion of mutation]
   184 | D:5      | Entered Level 5 of the Dungeon
   279 | D:3      | Reached skill level 1 in Stealth
   342 | D:2      | Slain by a ball python

Illustrated notes

Levels and vault maps discovered:
D:1:      matt_arrival_grand_opening, layout_basic, corexii_leaking_fountain
D:2:      layout_basic, nicolae_overflow_crystal_walls, uniq_sigmund
D:3:      minmay_diamond_boxcup, layout_rooms, ashenzari_altar_1, tgw_xom
D:4:      layout_loops_ring, minitemple, minmay_door_square,
          nicolae_ru_the_path_less_chosen
D:5:      layout_basic, minmay_temple_entry_statues_fountains,
          gup_sewer_entry_glass

Skill      XL: |  1 |
---------------+----+-----
Stealth        | 1 |  1.3
Fighting       | |  2.0
Dodging        | |  3.2
Unarmed Combat | |  2.2
Spellcasting   | |  2.0
Translocations | |  4.4

Action                   || total
-------------------------++-------
Melee: Unarmed           ||    19
       Bite              ||     2
  Use: Potion            ||     5
       Scroll            ||     3
Armor: Skin              ||     1
Dodge: Dodged            ||    24
